 Dungeon Sprint DCSS version 0.21.0 (webtiles) character file.

35256 wojtek the Executioner (level 13, 0/136 HPs)
             Began as a Minotaur Berserker on Jan 8, 2018.
             Was a High Priest of Trog.
             Killed from afar by Ilsuiw (28 damage)
             ... with a shard of ice
             ... in the Dungeon (Sprint VII: "The Pits").
             The game lasted 00:16:30 (4185 turns).

wojtek the Executioner (Minotaur Berserker)         Turns: 4185, Time: 00:16:31

Health: 0/136      AC: 22    Str: 29    XL:     13   Next: 46%
Magic:  4/4        EV: 19    Int:  4    God:    Trog [*****.]
Gold:   14         SH:  0    Dex: 11    Spells: 12/12 levels left

rFire    . . .     SeeInvis .   N - +5 battleaxe (antimagic)
rCold    . . .     Gourm    .   (shield currently unavailable)
rNeg     . . .     Faith    .   J - +1 plate armour {MR+}
rPois    .         Spirit   .   y - +1 hat
rElec    .         Reflect  .   (no cloak)
rCorr    .         Harm     .   u - +0 pair of gloves
MR       +....     NoTele   +   (no boots)
Stlth    ..........             (no amulet)
HPRegen  0.32/turn              q - +3 ring of evasion
MPRegen  0.09/turn              r - +3 ring of strength

@: no status effects
A: retaliatory headbutt, horns 2
a: Berserk, Trog's Hand, Brothers in Arms, Burn Spellbooks, Renounce Religion


You were in the Dungeon.
You worshipped Trog.
Trog was extremely pleased with you.
You were near starving.

You visited 1 branch You collected 14 gold pieces.

Inventory:

Hand Weapons
 a - a +1 battleaxe of venom
 b - a +4 antimagic battleaxe
 j - a +5 antimagic executioner's axe
 z - the +3 battleaxe of Resumed Hostilities {flame, rF- Str+4 Dex+3}
   (Trog gifted it to you in the Dungeon)

   It has been specially enchanted to burn those struck by it, causing extra
   injury to most foes and up to half again as much damage against particularly
   susceptible opponents.
   Big, fiery blades are also staple armaments of hydra-hunters.
   It affects your strength (+4).
   It affects your dexterity (+3).
   It makes you vulnerable to fire.
 B - a +2 battleaxe of freezing
 I - a +7 antimagic battleaxe
 L - a +1 battleaxe of flaming
 M - a +4 battleaxe of freezing
 N - a +5 antimagic battleaxe (weapon)
Missiles
 A - 3 exploding tomahawks (quivered)
Armour
 u - a +0 pair of gloves (worn)
 v - a +3 plate armour
 y - a +1 hat (worn)
 J - a +1 plate armour of magic resistance (worn)
Jewellery
 q - a +3 ring of evasion (left hand)
 r - a +3 ring of strength (right hand)
 C - an uncursed ring of protection from magic
 D - an uncursed ring of positive energy
Wands
 n - a wand of polymorph (15)
Scrolls
 i - a scroll of blinking
 l - 7 scrolls of remove curse
 m - a scroll of summoning
 E - 2 scrolls of enchant armour
 F - 2 scrolls of identify
 H - 4 scrolls of enchant weapon
Potions
 d - 10 potions of curing
 e - 13 potions of heal wounds
 f - 2 potions of haste
 g - 4 potions of magic
 h - 4 potions of berserk rage
 k - 2 potions of invisibility
 p - 3 potions of lignification
 s - 2 potions of resistance
 t - a potion of might
 w - 3 potions of brilliance
 G - 2 potions of mutation
Books
 o - a book of Fire

   Spells                             Type                      Level
   a - Ignite Poison                  Fire/Transmutation/Poison    3
   b - Fireball                       Conjuration/Fire             5
   c - Bolt of Fire                   Conjuration/Fire             6
   d - Ring of Flames                 Charms/Fire                  7
   e - Ignition                       Fire                         8
   Trog disapproves of the use of such an item.
Miscellaneous
 K - a lightning rod (4/4)
Comestibles
 c - 13 rations


   Skills:
 + Level 18.8 Fighting
 * Level 24.7 Axes
 + Level 18.7 Armour
 + Level 17.4 Dodging


You had 12 spell levels left.
You didn't know any spells.

Dungeon Overview and Level Annotations

Branches:
Dungeon (1/1)

Altars:

Annotations:
D Ilsuiw


Innate Abilities, Weirdness & Mutations

You reflexively headbutt those who attack you in melee.
You have a pair of horns on your head.


Message History

Your stone giant hits the ice dragon!
The ice dragon bites your stone giant but does no damage.
The ice dragon claws your stone giant!
The ice dragon tramples your stone giant.
Your stone giant stumbles backwards!
Your cyclops hits the ice dragon!!
Your stone giant hits the ice dragon!!!
The ice dragon dies!
Trog accepts your kill.
The ice dragon scales are intact enough to wear.
Your cyclops hits the red draconian but does no damage.
The red draconian breathes flames at your stone giant.
The searing blast hits your stone giant.
Your stone giant hits the red draconian!!!
The red draconian dies!
Trog accepts your kill.
Unknown command.
You hear some strange, mumbled words.
A shard of ice appears from out of thin air!
The shard of ice hits you!
You die...

.... #..# ###..###.§#
.....mmC..# ......)C†.#
.....m.s..#
###..###{.######++#### #..
#.§##.)........# #
#.)##..........#
#..@)..#....#..#
#..('..........#
#####..........#
##################..#....#..#
................''..........#
................''..........#
##############..##..#....#..#
.#.#.#[#.#.#.#..##..........+
#.#.#.#.#.#.##..##..........+


You could see a merfolk impaler, a merfolk, a jumping spider, a friendly stone
giant (berserk) and a friendly cyclops (berserk).

Vanquished Creatures
  Gastronok (D)
  A nagaraja (D)
  A green draconian (D)
  An eidolon (D)
  A deep elf death mage (D)
  A great orb of eyes (D)
  Erolcha (D)
  2 alligator snapping turtles (D)
  A hell beast (D)
  3 anacondas (D)
  A two-headed ogre (D)
  2 death yaks (D)
  A hell hog (D)
  A fire crab (D)
  An unseen horror (D)
  A sea snake (D)
  A phantasmal warrior (D)
  A small abomination (D)
  2 wizards (D)
  A wolf spider (D)
  2 molten gargoyles (D)
  A yaktaur (D)
  An ice devil (D)
  A red devil (D)
  3 trolls (D)
  A merfolk (D)
  A tyrant leech (D)
  5 dream sheep (D)
  A bog body (D)
  A snapping turtle (D)
  A hippogriff (D)
  2 redbacks (D)
  A flying skull (D)
  A shadow (D)
  A wraith (D)
  A fire bat (D)
  A basilisk (D)
  3 steam dragons (D)
  A naga (D)
  Duvessa (D)
  A water moccasin (D)
  A porcupine (D)
  A floating eye (D)
  A black bear (D)
  An eye of draining (D)
  2 ogres (D)
  A wolf (D)
  An earth elemental (D)
  A gnoll sergeant (D)
  A scorpion (D)
  Dowan (D)
  A quasit (D)
  An orc wizard (D)
  An iguana (D)
  3 worker ants (D)
  A mummy (D)
  An ufetubus (D)
  An ooze (D)
  An adder zombie (D)
  An adder skeleton (D)
  4 orcs (D)
  A goblin (D)
  4 jackals (D)
  A ball python skeleton (D)
  2 bats (D)
  A frilled lizard (D)
  A kobold (D)
  A rat (D)
93 creatures vanquished.

Vanquished Creatures (collateral kills)
  Arachne (D)
  2 nagarajas (D)
  A fire giant (D)
  A frost giant (D)
  2 red draconians (D)
  A purple draconian (D)
  A merfolk impaler (D)
  A vault guard (D)
  A great orb of eyes (D)
  A catoblepas (D)
  An ice dragon (D)
  2 death yaks (D)
  A dancing weapon (D)
  A sun demon (D)
  A salamander mystic (D)
  An unseen horror (D)
  A swamp dragon (D)
  A phantasmal warrior (D)
  A deep elf mage (D)
  A manticore (D)
  A black mamba (D)
  A naga mage (D)
  A molten gargoyle (D)
  A gargoyle (D)
  A merfolk (D)
  2 polar bears (D)
  A tyrant leech (D)
  3 dream sheep (D)
  A wraith (D)
  A tarantella (D)
  A spriggan (D)
  A basilisk (D)
  A small abomination (D)
  A soldier ant (D)
  A floating eye (D)
  A centaur (D)
  A bullfrog (D)
  A worker ant (D)
  A mummy (D)
45 creatures vanquished.

Grand Total: 138 creatures vanquished

Notes
Turn   | Place    | Note
-------+----------+-------------------------------------------
     0 | D        | wojtek the Minotaur Berserker began the quest for the Orb.
     0 | D        | Reached XP level 1. HP: 19/19 MP: 0/0
     9 | D        | Noticed a worker ant
    15 | D        | Killed a worker ant
    15 | D        | Reached skill level 5 in Axes
    15 | D        | Reached XP level 2. HP: 20/28 MP: 1/1
   193 | D        | Reached ** piety under Trog
   208 | D        | Reached skill level 5 in Fighting
   208 | D        | Reached skill level 6 in Axes
   208 | D        | Reached XP level 3. HP: 12/36 MP: 2/2
   448 | D        | Noticed a floating eye
   453 | D        | Reached *** piety under Trog
   456 | D        | Killed a floating eye
   456 | D        | Reached skill level 8 in Axes
   456 | D        | Reached skill level 5 in Dodging
   456 | D        | Reached XP level 4. HP: 39/45 MP: 3/3
   456 | D        | Reached XP level 5. HP: 44/51 MP: 4/4
   531 | D        | Noticed a fire bat
   540 | D        | Killed a fire bat
   540 | D        | Reached skill level 10 in Axes
   540 | D        | Reached XP level 6. HP: 50/61 MP: 5/5
   550 | D        | Reached **** piety under Trog
   623 | D        | Noticed a water moccasin
   628 | D        | Killed a water moccasin
   628 | D        | Reached skill level 11 in Axes
   635 | D        | Reached XP level 7. HP: 69/69 MP: 6/6
   654 | D        | Reached ***** piety under Trog
   654 | D        | Reached skill level 12 in Axes
   724 | D        | Noticed Duvessa
   724 | D        | Noticed Dowan
   735 | D        | Killed Dowan
   735 | D        | Received a gift from Trog
   758 | D        | Killed Duvessa
   761 | D        | Reached skill level 10 in Fighting
   761 | D        | Reached skill level 13 in Axes
   817 | D        | Noticed a wraith
   824 | D        | Reached XP level 8. HP: 79/79 MP: 7/7
   825 | D        | Reached skill level 10 in Armour
   918 | D        | Got the +2 halberd of Blood {drain, rF+}
   968 | D        | Noticed Gastronok
   973 | D        | Received a gift from Trog
   985 | D        | Killed Gastronok
   985 | D        | Reached skill level 16 in Axes
   985 | D        | Reached XP level 9. HP: 90/90 MP: 8/8
  1035 | D        | Got an encrusted battleaxe {god gift}
  1036 | D        | Identified the +3 battleaxe of Resumed Hostilities {flame, rF- Str+4 Dex+3} (Trog gifted it to you in the Dungeon)
  1096 | D        | Killed an unseen horror
  1096 | D        | Reached skill level 17 in Axes
  1096 | D        | Reached XP level 10. HP: 62/100 MP: 9/9
  1108 | D        | Received a gift from Trog
  1399 | D        | Noticed a molten gargoyle
  1418 | D        | Killed a molten gargoyle
  1510 | D        | Noticed a deep elf mage
  1523 | D        | Killed a deep elf mage
  1560 | D        | Noticed a two-headed ogre
  1560 | D        | Noticed an anaconda
  1560 | D        | Noticed a wizard
  1561 | D        | Noticed a phantasmal warrior
  1572 | D        | Killed an anaconda
  1572 | D        | Reached skill level 18 in Axes
  1575 | D        | Killed a phantasmal warrior
  1575 | D        | Killed a two-headed ogre
  1575 | D        | Received a gift from Trog
  1584 | D        | Killed a wizard
  1584 | D        | Reached ****** piety under Trog
  1591 | D        | Received a gift from Trog
  1595 | D        | Reached XP level 11. HP: 78/110 MP: 10/10
  1597 | D        | Reached skill level 19 in Axes
  1606 | D        | Received a gift from Trog
  1738 | D        | Noticed a sea snake
  1753 | D        | Killed a sea snake
  2278 | D        | Killed an unseen horror
  2302 | D        | Noticed a great orb of eyes
  2304 | D        | Noticed an alligator snapping turtle
  2305 | D        | Killed a great orb of eyes
  2316 | D        | Killed an alligator snapping turtle
  2316 | D        | Reached skill level 15 in Fighting
  2316 | D        | Reached skill level 20 in Axes
  2403 | D        | Noticed an alligator snapping turtle
  2420 | D        | Killed an alligator snapping turtle
  2420 | D        | Reached skill level 15 in Armour
  2681 | D        | Noticed a nagaraja
  2689 | D        | Killed a nagaraja
  2689 | D        | Received a gift from Trog
  2993 | D        | Noticed Arachne
  2993 | D        | Noticed a purple draconian
  2993 | D        | Noticed a trident of venom
  2994 | D        | Found the +7 longbow "Piercer" {penet, EV-2}
  2995 | D        | Noticed a wizard
  2995 | D        | Noticed a catoblepas
  3010 | D        | Killed Arachne
  3010 | D        | Received a gift from Trog
  3010 | D        | Reached skill level 21 in Axes
  3011 | D        | Killed a catoblepas
  3011 | D        | Reached XP level 12. HP: 79/122 MP: 1/11
  3012 | D        | Killed a purple draconian
  3013 | D        | Reached skill level 15 in Dodging
  3016 | D        | Received a gift from Trog
  3031 | D        | Got the +11 flail "Foasohu" {antimagic, rPois Str-3 Int+3}
  3262 | D        | Noticed a death yak
  3262 | D        | Noticed a death yak
  3263 | D        | Noticed an anaconda
  3265 | D        | Killed a death yak
  3266 | D        | Noticed Erolcha
  3266 | D        | Noticed a death yak
  3266 | D        | Noticed a hell hog
  3270 | D        | Noticed a death yak
  3271 | D        | Killed a death yak
  3278 | D        | Killed an anaconda
  3282 | D        | Reached skill level 22 in Axes
  3283 | D        | Noticed a green draconian
  3288 | D        | Killed a death yak
  3289 | D        | Killed a green draconian
  3289 | D        | Received a gift from Trog
  3292 | D        | Noticed a vault guard
  3296 | D        | Killed a death yak
  3298 | D        | Received a gift from Trog
  3302 | D        | Killed a hell hog
  3305 | D        | Killed a vault guard
  3308 | D        | Received a gift from Trog
  3318 | D        | Killed Erolcha
  3318 | D        | Reached skill level 23 in Axes
  3326 | D        | Received a gift from Trog
  3328 | D        | Noticed a hell beast
  3333 | D        | Killed a hell beast
  3667 | D        | Noticed an eidolon
  3668 | D        | Noticed a nagaraja
  3679 | D        | Killed an eidolon
  3679 | D        | Reached XP level 13. HP: 134/134 MP: 4/12
  3682 | D        | Killed a nagaraja
  3832 | D        | Noticed a nagaraja
  3833 | D        | Noticed a deep elf death mage
  3846 | D        | Killed a deep elf death mage
  3846 | D        | Received a gift from Trog
  3849 | D        | Killed a nagaraja
  3851 | D        | Noticed a fire giant
  3855 | D        | Noticed a frost giant
  3856 | D        | Killed a fire giant
  3856 | D        | Reached skill level 24 in Axes
  3866 | D        | Killed a frost giant
  3866 | D        | Received a gift from Trog
  4156 | D        | Noticed a merfolk impaler
  4159 | D        | Noticed Ilsuiw
  4169 | D        | Noticed a red draconian
  4170 | D        | Noticed a red draconian
  4175 | D        | Noticed a merfolk impaler
  4175 | D        | Killed a merfolk impaler
  4175 | D        | Received a gift from Trog
  4178 | D        | Killed a red draconian
  4181 | D        | HP: 3/136 [ice dragon/blast of cold (23)]
  4184 | D        | Killed a red draconian
  4185 | D        | Killed from afar by Ilsuiw

Skill      XL: |  1  2  3  4  5  6  7  8  9 10 11 12 13 |
---------------+----------------------------------------+-----
Fighting       | 4 5 6 7 8 10 12 14 16 17 18 | 18.8
Axes           | 5 6 8 10 11 13 16 17 18 21 23 24 | 24.7
Armour         | 3 4 6 7 8 9 11 12 14 16 17 18 | 18.7
Dodging        | 3 4 5 6 7 9 11 13 14 16 17 | 17.4

Action                   |  1- 3 |  4- 6 |  7- 9 | 10-12 | 13-15 || total
-------------------------+-------+-------+-------+-------+-------++-------
Melee: Hand axe          |    23 |    22 |    20 |       |       ||    65
       Headbutt          |     5 |     2 |    14 |    49 |     7 ||    77
       Unarmed           |       |       |    18 |       |       ||    18
       Broad axe         |       |       |    23 |    49 |       ||    72
       Battleaxe         |       |       |       |   113 |    20 ||   133
       Executioner's axe |       |       |       |     1 |    14 ||    15
Invok: Berserk           |       |       |     3 |     4 |       ||     7
       Brothers in Arms  |       |       |     3 |     9 |     4 ||    16
  Use: Potion            |       |       |       |       |     3 ||     3
 Stab: Distracted        |       |       |       |       |     1 ||     1
  Eat: Chunk             |       |       |     4 |    15 |     2 ||    21
Armor: Animal skin       |     3 |     1 |       |       |       ||     4
       Plate armour      |       |    10 |    50 |    71 |    24 ||   155
Dodge: Dodged            |    11 |     9 |    38 |   112 |    34 ||   204
